 Dungeon Crawl Stone Soup version 0.18-a0-1720-g8df8b1a (webtiles) character file.

5248 kyriakee the Fighter (level 10, -9/92 HPs)
             Began as a Minotaur Fighter on Apr 9, 2016.
             Was a Believer of Okawaru.
             Shot with an arrow by a deep elf archer (19 damage)
             ... on level 9 of the Dungeon.
             The game lasted 00:23:40 (8289 turns).

kyriakee the Fighter (Minotaur Fighter)             Turns: 8289, Time: 00:23:40

Health: -9/92      AC: 27    Str: 29    XL:     10   Next: 36%
Magic:  14/14      EV:  8    Int:  6    God:    Okawaru [**....]
Gold:   384        SH:  0    Dex: 10    Spells: 0 memorised, 16 levels left

rFire  . . .     SeeInvis .     D - +0 war axe (flame)
rCold  . . .     Gourm    .     r - +4 plate armour
rNeg   . . .     Faith    .     c - +1 shield
rPois  .         Spirit   .     (helmet restricted)
rElec  .         Dismiss  .     G - +2 cloak {+Inv}
rCorr  .         Reflect  .     v - +0 pair of gloves
SustAt .         Harm     .     E - +2 pair of boots
MR     .....                    (no amulet)
Stlth  ..........               I - +2 ring of protection
                                h - +6 ring of strength

@: confused, very slightly contaminated, slowed, invisible, very slow, not
resistant to hostile enchantments, extremely unstealthy
A: retaliatory headbutt, horns 2
a: Heroism, Renounce Religion


You were on level 9 of the Dungeon.
You worshipped Okawaru.
Okawaru was pleased with you.
You were hungry.

You visited 2 branches of the dungeon, and saw 10 of its levels.

You collected 454 gold pieces.
You spent 70 gold pieces at shops.

Inventory:

Hand Weapons
 y - a +0 broad axe
 D - a +0 war axe of flaming (weapon)
Armour
 b - a +0 scale mail
 c - a +1 shield (worn)
 r - a +4 plate armour (worn)
 v - a +0 pair of gloves (worn)
 E - a +2 pair of boots (worn)
 G - a +2 cloak of invisibility (worn)
Jewellery
 g - an uncursed ring of sustain attributes
 h - a +6 ring of strength (left hand)
 I - a +2 ring of protection (right hand)
Wands
 m - a wand of paralysis (7/24)
 o - a wand of acid (2/15)
 p - a wand of polymorph (24/24)
 s - a wand of confusion (18/48)
 A - a wand of random effects (18/48)
Scrolls
 e - 3 scrolls of teleportation
 i - 3 scrolls of remove curse
 u - a scroll of immolation
 B - 7 scrolls of identify
 H - 2 scrolls of recharging
Potions
 d - a potion of brilliance
 j - 2 potions of ambrosia
 k - a potion of cancellation
 l - a potion of heal wounds
 q - 6 potions of curing
 w - 2 potions of flight
 x - a potion of magic
 F - 2 potions of mutation
Comestibles
 a - 4 fruits
 f - 6 bread rations
 n - 5 slices of pizza
 t - 3 meat rations
 z - 2 royal jellies
 C - 3 beef jerkies
 K - 4 chunks of flesh


   Skills:
 * Level 9.7 Fighting
 * Level 9.6 Axes
 + Level 7.4 Armour
 + Level 5.5 Dodging
 + Level 7.4 Shields
 + Level 3.5 Spellcasting
 + Level 2.1 Evocations


You had 16 spell levels left.
You didn't know any spells.

Dungeon Overview and Level Annotations

Branches:
Dungeon (9/15)             Temple (1/1) D:5
   Lair: D:8-11         Orc: D:9-12

Altars:
Ashenzari
Cheibriados
Dithmenos
Elyvilon
Fedhas
Gozag
Kikubaaqudgha
Makhleb
Nemelex Xobeh
Okawaru
Pakellas
Qazlal
Ru
Sif Muna
Trog
Vehumet
Xom
Yredelemnul
Zin
The Shining One

Shops:
D:5 }*}}   D:7 (   D:8 (((


Innate Abilities, Weirdness & Mutations

You reflexively headbutt those who attack you in melee.
You have a pair of horns on your head.


Message History

You slice the orc high priest!! You burn the orc high priest.
You kill the orc high priest!
Okawaru is honoured by your kill.
Your Evocations skill increases to level 2!
You strike the helpless deep elf archer from behind!
You slash the deep elf archer! You burn the deep elf archer.
The deep elf archer is moderately wounded.
The deep elf archer points at you and mumbles some strange words.
You are confused.
Unknown command.
You closely miss the deep elf archer.
Your headbutt misses the deep elf archer.
The deep elf archer is moderately wounded.
The deep elf archer gestures at you while chanting.
You feel yourself slow down.
You bump into the stone wall.
The deep elf archer shoots an arrow.
The arrow hits you.
* * * LOW HITPOINT WARNING * * *
The deep elf archer shoots an arrow.
The arrow hits you!!
You die...

#...#...########.....#.....#
#.
...##...##....##.....#...).#
#.
....+................##)).##
#.
...###+###...........##...##
#. ...# #...........#.....#
#. ...# ..................#
#. ...+ #..##########.....#
## ...# #..#.(#8e#..#....##
## ...# #..#.()@8').#....##
#.
...#######..##'####'##.....#
#. .........#..#.$#
#..#.....# #.
.........#..#..+ #..#.....#
#.
.........#..#######'##....##
##
...##...###.#..'.((†.#.####
...##...##..'..#..#.(#.#
...#.)....+.##########.#
...#......#............# ###


You could see a deep elf archer.

Vanquished Creatures
  An orc high priest (D:9)
  A cyclops (D:9)
  A deep elf mage (D:9)
  Maurice (D:8)
  The ghost of Shredu92 the Chopper, an amateur FoFi (D:7)
  A wind drake (shapeshifter) (D:9)
  Sigmund (D:6)
  A black bear (D:6)
  2 orc warriors
  2 sky beasts
  3 phantoms
  2 ice beasts
  2 ogres
  3 centaurs
  2 giant frogs
  A wyvern zombie (D:8)
  2 scorpions (D:8)
  A water moccasin skeleton (D:7)
  A howler monkey (D:4)
  2 crimson imps
  A wasp zombie (D:8)
  8 hounds
  2 centaur skeletons
  2 giant frog skeletons
  3 jellies
  Natasha (thrice) (D:2)
  4 orc wizards
  8 worker ants
  A hound skeleton (D:4)
  A howler monkey zombie (D:7)
  2 worker ant zombies
  Robin (D:2)
  11 adders
  3 gnolls (D:5)
  4 shadow imps
  7 oozes
  An adder zombie (D:7)
  2 adder skeletons
  4 worms
  2 dart slugs
  4 giant geckos
  19 orcs
  7 bats
  4 giant cockroaches
  14 goblins
  6 hobgoblins
  12 jackals
  3 kobolds
  3 quokkas
  A ball python skeleton (D:5)
  5 giant newts
  2 jackal skeletons
  7 rats
188 creatures vanquished.

Notes
Turn   | Place    | Note
--------------------------------------------------------------
     0 | D:1      | kyriakee the Minotaur Fighter began the quest for the Orb.
     0 | D:1      | Reached XP level 1. HP: 19/19 MP: 0/0
   271 | D:1      | Reached XP level 2. HP: 27/27 MP: 1/1
   708 | D:2      | Reached XP level 3. HP: 33/33 MP: 2/2
   709 | D:2      | Noticed Robin
   718 | D:2      | Killed Robin
   718 | D:2      | Reached XP level 4. HP: 33/40 MP: 3/3
   755 | D:2      | Noticed Natasha
   765 | D:2      | Killed Natasha
   765 | D:2      | Reached skill level 1 in Dodging
   816 | D:2      | Noticed Natasha
   819 | D:2      | Killed Natasha
   838 | D:2      | Reached XP level 5. HP: 47/47 MP: 5/5
   860 | D:2      | Noticed Natasha
   873 | D:2      | Killed Natasha
  1384 | D:2      | Found an oddly glowing altar of Pakellas.
  1640 | D:3      | Reached skill level 1 in Spellcasting
  1754 | D:3      | Reached skill level 5 in Fighting
  1949 | D:3      | You fall through a shaft!
  2456 | D:4      | Reached XP level 6. HP: 51/56 MP: 6/6
  2579 | D:4      | Reached skill level 5 in Axes
  2811 | D:4      | Reached skill level 5 in Armour
  3024 | D:4      | Reached XP level 7. HP: 58/61 MP: 7/7
  3082 | D:5      | Entered Level 5 of the Dungeon
  3082 | D:5      | Found Gupos's Gadget Shoppe.
  3082 | D:5      | Found Fyump's Assorted Antiques.
  3338 | D:5      | Found Doxeynuk's Gadget Shop.
  3345 | D:5      | Reached skill level 5 in Shields
  3570 | D:5      | Found Ujifet's Gadget Shoppe.
  3643 | D:5      | Found a white marble altar of Elyvilon.
  3740 | D:5      | Found a staircase to the Ecumenical Temple.
  3751 | Temple   | Entered the Ecumenical Temple
  3934 | D:5      | Bought a scroll labeled XINY OLEZESIE for 26 gold pieces
  4047 | D:6      | Noticed Sigmund
  4115 | D:6      | Killed Sigmund
  4115 | D:6      | Reached XP level 8. HP: 71/71 MP: 9/9
  4764 | D:7      | Noticed Shredu92's ghost (amateur FoFi)
  4774 | D:7      | Killed Shredu92's ghost
  5122 | D:7      | Found Ekkiphox's Antique Weapon Emporium.
  5169 | D:7      | Got a pitted whip
  5201 | D:7      | Lost intelligence.
  5201 | D:7      | Identified the +4 whip of Xineivve {drain, rPois MP+9 Int-5} (You found it on level 7 of the Dungeon)
  6223 | D:7      | Reached XP level 9. HP: 80/80 MP: 11/11
  6417 | D:8      | Noticed Maurice
  6599 | D:8      | Killed Maurice
  6931 | D:8      | Found Xiraeb's Weapon Boutique.
  6934 | D:8      | Bought a +0 broad axe for 44 gold pieces
  6968 | D:8      | Found Zearpheikh's Weapon Shoppe.
  7036 | D:8      | Found Negutagy's Antique Weapon Shoppe.
  7758 | D:9      | Reached skill level 1 in Evocations
  7918 | D:9      | Reached skill level 5 in Dodging
  7933 | D:9      | Found an iron altar of Okawaru.
  7943 | D:9      | Became a worshipper of Warmaster Okawaru
  8149 | D:9      | Found a runed door.
  8149 | D:9      | Noticed a cyclops
  8157 | D:9      | Killed a cyclops
  8157 | D:9      | Reached * piety under Okawaru
  8157 | D:9      | Reached XP level 10. HP: 73/91 MP: 13/13
  8261 | D:9      | Noticed a deep elf mage
  8264 | D:9      | Killed a deep elf mage
  8273 | D:9      | Noticed a deep elf archer
  8273 | D:9      | Noticed an orc high priest
  8287 | D:9      | Killed an orc high priest
  8287 | D:9      | Reached ** piety under Okawaru
  8289 | D:9      | Shot with an arrow by a deep elf archer

Vault maps used:
D:1:      dpeg_arrival_brainrot
D:2:      grunt_pakellas_sulfur, uniq_natasha, uniq_robin
D:3:      minmay_bad_closet
D:4:      first_bread
D:5:      kennysheep_little_box, minmay_temple_entry_fiery, serial_shops, shop,
          shop, shop, nicolae_shop_crystal, dk_noncrumbling_2, kennysheep_boxes
D:6:      black_bear_nest_1, uniq_sigmund
D:7:      serial_shops, nicolae_shop_waterfront, mrwooster_statue_mirror,
          grunt_ministairs_11
D:8:      serial_shops, shop_statue, nicolae_shop_crystal, shop, uniq_maurice
D:9:      okawaru_ov_weapons_minmay, hangedman_fish_farm, minivault_13
Temple:   kilobyte_greek_temple_18

Skill      XL: |  1  2  3  4  5  6  7  8  9 10 |
---------------+-------------------------------+-----
Fighting       | 4 5 6 7 9 |  9.7
Axes           | 3 4 5 6 7 9 |  9.6
Armour         | 4 5 6 7 |  7.4
Dodging        | 1 2 4 5 |  5.5
Shields        | 4 5 6 7 |  7.4
Spellcasting   | 1 2 3 |  3.5
Evocations     | 1 2 |  2.1

Action                   |  1- 3 |  4- 6 |  7- 9 | 10-12 || total
-------------------------+-------+-------+-------+-------++-------
Melee: War axe           |    42 |   154 |   294 |    18 ||   508
Invok: Heroism           |       |       |       |     1 ||     1
 Abil: Evoke Invisibilit |       |       |       |     1 ||     1
  Use: Scroll            |       |    15 |    12 |       ||    27
       Potion            |       |     1 |     6 |     2 ||     9
 Stab: Invisible         |       |       |       |     1 ||     1
  Eat: Chunk             |       |     7 |    13 |       ||    20
       Royal jelly       |       |       |     1 |       ||     1
       Fruit             |       |       |     2 |       ||     2
